 Dungeon Crawl Stone Soup version 0.31.0-11-ge490571c62 (webtiles) character file.

Game seed: 14894987316930418605

1463 qw the Skirmisher (level 8, -7/40 HPs)
             Began as a Spriggan Hunter on Feb 4, 2024.
             Mangled by an orc warrior
             ... wielding a +0 halberd
              (11 damage)
             ... on level 6 of the Dungeon.
             The game lasted 00:00:18 (4500 turns).

qw the Skirmisher (Spriggan Hunter)                 Turns: 4500, Time: 00:00:19

Health: -7/40      AC:  1    Str:  5    XL:     8   Next: 48%
Magic:  9/9        EV: 23    Int: 11    God:
Gold:   56         SH:  0    Dex: 20    Spells: 7/7 levels left

rFire   . . .        a - +3 shortbow
rCold   . . .        (shield currently unavailable)
rNeg    . . .        c - +0 robe
rPois   .            (helmet restricted)
rElec   .            (no cloak)
rCorr   .            (gloves unavailable)
SInv    +            (boots unavailable)
Will    +....        (no amulet)
Stlth   ++           (no ring)
HPRegen 0.26/turn    (no ring)
MPRegen 0.11/turn

%: no passive effects
@: about to teleport, very quick
A: very small, no large weapons, unfitting armour, see invisible, speed 3,
deformed body, weak 1
a: no special abilities


You were on level 6 of the Dungeon.
You visited 1 branch of the dungeon, and saw 6 of its levels.

You collected 264 gold pieces.
You spent 208 gold pieces at shops.


Innate Abilities, Weirdness & Mutations

You are very small and have problems with some larger weapons.
You are too small for most types of armour.
You have supernaturally acute eyesight. (SInv)
You cover ground extremely quickly. (Speed+++)
Armour fits poorly on your strangely shaped body.
You are weak. (Str -2)


   Skills:
 - Level 3.0 Fighting
 - Level 9.0 Ranged Weapons
 + Level 8.5 Dodging
 - Level 1.5 Stealth


You had 7 spell levels left.
You didn't know any spells.
Your spell library was empty.

Inventory:

Hand Weapons
 a - a +3 shortbow (weapon)
Armour
 c - a +0 robe (worn)
Wands
 i - a wand of mindburst (8)
Scrolls
 d - a scroll of teleportation
Potions
 b - a potion of might
 e - a potion of mutation
 f - a potion of ambrosia {unknown}
 g - 5 potions of curing
 h - a potion of enlightenment
 j - a potion of cancellation
 k - a potion of heal wounds {unknown}

Dungeon Overview and Level Annotations

Branches:
Dungeon (6/15)
 Temple: D:4-7

Altars:
Hepliaklqana
Ru
Sif Muna
Xom

Shops:
D:3 !   D:5 ***=


Message History

The sleepcap is heavily damaged.
The sleepcap misses you. The orc warrior completely misses you.
You shoot an arrow. The arrow hits the sleepcap.
The sleepcap is severely damaged.
The sleepcap misses you. The orc warrior barely misses you.
You shoot an arrow.
The arrow hits the sleepcap but does no damage.
The sleepcap is severely damaged.
The orc warrior hits you from afar with a +0 halberd.
The sleepcap misses you.
You shoot an arrow. The arrow hits the sleepcap!
You destroy the sleepcap!
The orc warrior closely misses you.
You shoot an arrow.
The arrow hits the orc warrior but does no damage.
The orc warrior barely misses you.
You shoot an arrow.
The arrow completely misses the orc warrior.
You hear a shout!
The orc warrior barely misses you.
You shoot an arrow.
The arrow hits the orc warrior but does no damage.
The orc warrior closely misses you.
You shoot an arrow.
The arrow closely misses the orc warrior.
You hear a shout!
The orc warrior barely misses you.
You shoot an arrow.
The arrow closely misses the orc warrior.
You shoot an arrow.
The arrow hits the orc warrior but does no damage.
The orc warrior hits you from afar with a +0 halberd!
4499 ||| READING 2 scrolls of teleportation.
As you read the scroll of teleportation, it crumbles to dust.
You feel strangely unstable. The orc warrior misses you.
You shoot an arrow. The arrow hits the orc warrior.
The orc warrior is lightly wounded.
The orc warrior hits you from afar with a +0 halberd!
You die...

..##...
#.#.... ###
.....o ..#
#.... #.#
#... ##.# #..
##[.#
#o##...#
#))@.#.#
######.# #.##
###.#.##
..###.#
#.#.#.##
#.##.######.
# #.........
#.#########.#


You could see an orc warrior.

Vanquished Creatures
  Sigmund (D:3)
  3 ogres (D:5)
  2 ice beasts
  A phantom (D:5)
  2 scorpions (D:5)
  5 wights (D:5)
  2 bombardier beetles
  A hound (D:5)
  A gnoll bouda (D:6)
  An iguana (D:5)
  A sleepcap (D:6)
  2 orc wizards
  4 gnolls (D:6)
  6 adders
  3 dart slugs
  5 orcs
  6 ball pythons
  3 bats (D:2)
  12 endoplasms
  7 giant cockroaches
  7 goblins
  5 hobgoblins
  6 quokkas
  A frilled lizard (D:3)
  3 kobolds
  6 rats
96 creatures vanquished.

Notes
Turn   | Place    | Note
-------+----------+-------------------------------------------
     0 | D:1      | qw the Spriggan Hunter began the quest for the Orb.
     0 | D:1      | Reached XP level 1. HP: 10/10 MP: 2/2
     0 | D:1      | 0 ||| qw: Version: 0.3-a-160-g6735b56
     0 | D:1      | 0 ||| qw: Game counter: 4536
     0 | D:1      | 0 ||| qw: Melee chars always use a shield: true
     0 | D:1      | 0 ||| qw: God list: Okawaru
     0 | D:1      | 0 ||| qw: Allow faded altars: false
     0 | D:1      | 0 ||| qw: Do Orc after clearing Dungeon:15 true
     0 | D:1      | 0 ||| qw: Do second Lair branch before Depths: true
     0 | D:1      | 0 ||| qw: Lair rune preference: random
     0 | D:1      | 0 ||| qw: Goals: Normal
     0 | D:1      | 0 ||| PLANNING D:1-11
    26 | D:1      | Reached skill level 3 in Dodging
   247 | D:1      | Reached XP level 2. HP: 14/14 MP: 3/3
   814 | D:1      | 814 ||| READING scroll labelled CIOJETRYTANEK.
   819 | D:1      | 819 ||| READING scroll labelled ZOENNEAGAT.
   820 | D:1      | 820 ||| READING scroll labelled WODYPH LUKU.
   821 | D:1      | 821 ||| READING scroll labelled PIOJOASSAE.
   822 | D:1      | 822 ||| DRINKING 2 inky potions.
   823 | D:1      | 823 ||| DROPPING scroll of butterflies.
   988 | D:2      | Found a shimmering altar of Xom.
  1004 | D:2      | Reached XP level 3. HP: 18/18 MP: 4/4
  1661 | D:2      | 1661 ||| READING 2 scrolls labelled BUURUU XIMIOWI.
  1762 | D:2      | 1762 ||| DROPPING scroll of vulnerability.
  1881 | D:3      | Noticed an ice beast
  1882 | D:3      | 1882 ||| DRINKING potion of haste.
  1895 | D:3      | Killed an ice beast
  1896 | D:3      | Reached skill level 5 in Ranged Weapons
  1896 | D:3      | Reached XP level 4. HP: 9/22 MP: 5/5
  1896 | D:3      | Reached XP level 5. HP: 10/25 MP: 6/6
  2038 | D:3      | Noticed Sigmund
  2046 | D:3      | Killed Sigmund
  2047 | D:3      | Reached skill level 6 in Dodging
  2047 | D:3      | Reached XP level 6. HP: 25/30 MP: 7/7
  2191 | D:3      | Found Faupueng's Distillery.
  2196 | D:3      | 2196 ||| BUYING potion of cancellation (104 gold).
  2196 | D:3      | Bought a potion of cancellation for 104 gold pieces
  2196 | D:3      | 2196 ||| BUYING potion of curing (39 gold).
  2196 | D:3      | Bought a potion of curing for 39 gold pieces
  2196 | D:3      | 2196 ||| SHOPLISTING potion of haste (130 gold, have 8).
  2196 | D:3      | 2196 ||| SHOPLISTING potion of heal wounds (65 gold, have
                  | 8).
  2376 | D:3      | Found a faded altar of an unknown god.
  2627 | D:3      | 2627 ||| DROPPING ring of flight.
  2628 | D:3      | 2628 ||| READING scroll labelled EMEPAQ UKHLA.
  2628 | D:3      | 2628 ||| IDENTIFYING bubbling silvery potion
  2629 | D:3      | 2629 ||| DRINKING 2 fuming brown potions.
  2630 | D:3      | 2630 ||| FLEEEEING.
  2631 | D:3      | 2631 ||| FLEEEEING.
  2632 | D:3      | 2632 ||| FLEEEEING.
  2633 | D:3      | 2633 ||| FLEEEEING.
  2634 | D:3      | 2634 ||| FLEEEEING.
  2635 | D:3      | 2635 ||| FLEEEEING.
  2636 | D:3      | 2636 ||| FLEEEEING.
  2637 | D:3      | 2637 ||| FLEEEEING.
  2638 | D:3      | 2638 ||| FLEEEEING.
  2639 | D:3      | 2639 ||| STAIRDANCE
  2641 | D:2      | 2641 ||| FLEEEEING.
  2642 | D:2      | 2642 ||| FLEEEEING.
  2643 | D:2      | 2643 ||| FLEEEEING.
  2644 | D:2      | 2644 ||| FLEEEEING.
  2645 | D:2      | 2645 ||| FLEEEEING.
  2646 | D:2      | 2646 ||| FLEEEEING.
  2647 | D:2      | 2647 ||| FLEEEEING.
  2648 | D:2      | 2648 ||| FLEEEEING.
  2649 | D:2      | 2649 ||| FLEEEEING.
  2650 | D:2      | 2650 ||| FLEEEEING.
  2651 | D:2      | 2651 ||| STAIRDANCE
  2753 | D:1      | 2753 ||| DROPPING potion of berserk rage.
  3075 | D:4      | Noticed an ice beast
  3076 | D:4      | 3076 ||| ZAPPING wand of mindburst (11) at -7,6 (ice beast;
                  | floor).
  3077 | D:4      | 3077 ||| ZAPPING wand of mindburst (10) at -6,6 (ice beast;
                  | floor).
  3078 | D:4      | 3078 ||| ZAPPING wand of mindburst (9) at -5,5 (ice beast;
                  | floor).
  3078 | D:4      | Killed an ice beast
  3079 | D:4      | Reached skill level 6 in Ranged Weapons
  3406 | D:4      | 3406 ||| READING scroll labelled UZEIRU GOERAICLAVA.
  3407 | D:4      | 3407 ||| READING 3 scrolls labelled BIKLEK SUPNUSS.
  3407 | D:4      | 3407 ||| ENCHANTING +0 shortbow.
  3408 | D:4      | 3408 ||| READING 2 scrolls of enchant weapon.
  3408 | D:4      | 3408 ||| ENCHANTING +1 shortbow.
  3409 | D:4      | 3409 ||| READING scroll of enchant weapon.
  3409 | D:4      | 3409 ||| ENCHANTING +2 shortbow.
  3424 | D:5      | Entered Level 5 of the Dungeon
  3436 | D:5      | Reached XP level 7. HP: 35/35 MP: 8/8
  3438 | D:5      | Found Fehifiw's General Store.
  3438 | D:5      | Found Evvom's Assorted Antiques.
  3451 | D:5      | Reached skill level 7 in Ranged Weapons
  3461 | D:5      | Found Zered's Jewellery Shop.
  3461 | D:5      | Found Jaimymn's Assorted Antiques.
  3464 | D:5      | 3464 ||| BUYING potion of curing (39 gold).
  3464 | D:5      | Bought a potion of curing for 39 gold pieces
  3464 | D:5      | 3464 ||| BUYING scroll of identify (26 gold).
  3464 | D:5      | Bought a scroll of identify for 26 gold pieces
  3464 | D:5      | 3464 ||| SHOPLISTING scroll of identify (26 gold, have 2).
  3464 | D:5      | 3464 ||| SHOPLISTING wand of paralysis (7) (218 gold, have
                  | 2).
  3464 | D:5      | 3464 ||| SHOPLISTING wand of roots (5) (156 gold, have 2).
  3467 | D:5      | 3467 ||| SHOPLISTING +6 ring of dexterity (396 gold, have
                  | 2).
  3467 | D:5      | 3467 ||| SHOPLISTING +6 ring of strength (396 gold, have
                  | 2).
  3467 | D:5      | 3467 ||| SHOPLISTING amulet of guardian spirit (330 gold,
                  | have 2).
  3467 | D:5      | 3467 ||| SHOPLISTING ring of Hetoumy {rF+ rC- Will+++ Int-2
                  | SInv} (583 gold, have 2).
  3467 | D:5      | 3467 ||| SHOPLISTING ring of ice (275 gold, have 2).
  3467 | D:5      | 3467 ||| SHOPLISTING ring of protection from fire (275
                  | gold, have 2).
  3467 | D:5      | 3467 ||| SHOPLISTING ring of resist corrosion (220 gold,
                  | have 2).
  3470 | D:5      | 3470 ||| SHOPLISTING runed scarf (184 gold, have 2).
  3470 | D:5      | 3470 ||| SHOPLISTING scroll of identify (46 gold, have 2).
  3473 | D:5      | 3473 ||| SHOPLISTING knobbly cabochon ring (105 gold, have
                  | 2).
  3544 | D:5      | HP: 6/33 [wight/+4 spear of freezing (7)]
  3545 | D:5      | 3545 ||| READING 2 scrolls of teleportation.
  3681 | D:5      | Reached skill level 8 in Ranged Weapons
  3736 | D:5      | Reached skill level 3 in Fighting
  3736 | D:5      | Reached XP level 8. HP: 34/40 MP: 9/9
  3915 | D:5      | Found a shimmering blue altar of Sif Muna.
  3934 | D:5      | Found a sacrificial altar of Ru.
  4279 | D:5      | 4279 ||| READING scroll of identify.
  4279 | D:5      | 4279 ||| IDENTIFYING fuming puce potion
  4280 | D:5      | 4280 ||| DRINKING 2 fizzy green potions.
  4280 | D:5      | Gained mutation: You are weak. (Str -2) [potion of
                  | mutation]
  4280 | D:5      | Gained mutation: Armour fits poorly on your strangely
                  | shaped body. [potion of mutation]
  4451 | D:6      | Found a hazy altar of Hepliaklqana.
  4463 | D:6      | 4463 ||| RETREEEEATING.
  4476 | D:6      | Reached skill level 9 in Ranged Weapons
  4498 | D:6      | HP: 3/40 [orc warrior/+0 halberd (14)]
  4499 | D:6      | 4499 ||| READING 2 scrolls of teleportation.
  4500 | D:6      | Mangled by an orc warrior

Levels and vault maps discovered:
D:1:      orjb1_lava_funnel, layout_basic, minmay_misc_feat_x,
          nicolae_houndstooth_variations
D:2:      layout_basic, basic_altar, kennysheep_generic_room_12
D:3:      layout_basic, serial_bayou, serial_bayou_lagoon_b,
          serial_bayou_pond_d, serial_bayou_ford_a, serial_bayou_pond_c,
          serial_bayou_pond_e, serial_shops, nicolae_shop_rolling_square,
          shapermc_ecumenical_altar_mp_vishouse, uniq_sigmund
D:4:      layout_basic
D:5:      nicolae_cairo_tiling_large_dashed, layout_loops_ring,
          nicolae_sif_muna_little_library, mainiacjoe_overflow_24_doors,
          minmay_shop_grid_forest, minmay_misc_feat_five
D:6:      layout_loops_ring, lemuel_round_altar, kennysheep_little_box,
          gammafunk_ghost_cemetery

Skill      XL: |  1  2  3  4  5  6  7  8 |
---------------+-------------------------+-----
Dodging        | 3 4 6 7 8 |  8.5
Ranged Weapons | 5 6 8 9 |  9.0
Fighting       | 2 3 |  3.0
Stealth        | |  1.5

Action                     |  1- 3 |  4- 6 |  7- 9 || total
---------------------------+-------+-------+-------++-------
   Fire: Shortbow          |   114 |    99 |   154 ||   367
  Evoke: Wand              |       |     3 |       ||     3
    Use: Scroll            |     5 |     5 |     3 ||    13
         Potion            |     2 |     1 |     1 ||     4
 Armour: Robe              |     6 |     6 |    16 ||    28
  Dodge: Dodged            |    26 |    36 |    95 ||   157

Table legend:
 A = Non-vault XP
 B = Vault XP
 C = Vault XP percentage of total XP
 D = Non-vault monster count
 E = Vault monster count
 F = Vault count percentage of total count
                 A         B        C        D         E       F
            +---------+---------+-------+---------+---------+-------
      Total |    1849 |     241 |  11.5 |      94 |       2 |   2.1
            +---------+---------+-------+---------+---------+-------
        D:1 |      28 |       0 |   0.0 |      16 |       0 |   0.0
        D:2 |      37 |       2 |   5.1 |      21 |       1 |   4.5
        D:3 |     175 |     239 |  57.7 |      16 |       1 |   5.9
        D:4 |     213 |       0 |   0.0 |      11 |       0 |   0.0
        D:5 |    1226 |       0 |   0.0 |      23 |       0 |   0.0
        D:6 |     170 |       0 |   0.0 |       7 |       0 |   0.0
            +---------+---------+-------+---------+---------+-------
